Cogmind - Beta 13 X1 @@@ ROGUE MODE // 2023.08.04 @ 18:35:29 Player: Exp. Geonium Core Result: Destroyed by FQ-WPG(R) with Subdweller Beam Cannon Performance ------------- Evolutions (0) 0 Regions Visited (2) 400 Robots Destroyed (12) 60 Value Destroyed (331) 331 Prototype IDs (0) 0 Alien Tech Used (0) 0 Bonus (0) 0 TOTAL SCORE: 791 Bonus ------- None Cogmind --------- Core Integrity 0/250 Matter 294/300 Energy 99/100 System Corruption 2% Temperature Cool (15) Movement Treading (160) Location -10/Subcaves Parts ------- > --- POWER (1) -------- (None) > --- PROPULSION (2) --- Improved Treads Improved Treads > --- UTILITY (2) ------ Disposable Heat Sink Large Storage Unit > --- WEAPON (2) ------- Light Assault Rifle Hammer > --- INVENTORY (15) --- Improved Treads Improved Treads Improved Treads Improved Treads Subdweller Monowheel Small Storage Unit Medium Matter Pod (100) Subdweller Machine Gun Subdweller Machine Gun Subdweller Machine Gun Grenade Launcher Scrap Shield Fragment (48) Scrap Shield Fragment (27) Peak State ------------ > --- POWER ------------ Subdweller Power Source > --- PROPULSION ------- Improved Treads Improved Treads > --- UTILITY ---------- Disposable Heat Sink Large Storage Unit > --- WEAPON ----------- Light Assault Rifle Hammer > --- INVENTORY -------- Improved Treads Improved Treads Improved Treads Improved Treads Subdweller Monowheel Small Storage Unit Medium Matter Pod Subdweller Machine Gun Subdweller Machine Gun Grenade Launcher Scrap Shield Fragment Scrap Shield Fragment [Rating: 13] Favorites ----------- Power Light Nuclear Core Engine Subdweller Power Source Power Core Light Nuclear Core Propulsion Improved Treads Treads Improved Treads Leg Aluminum Leg Utility Small Storage Unit Device Disposable Heat Sink Storage Small Storage Unit Weapon Light Assault Rifle Energy Gun Small Laser Ballistic Gun Light Assault Rifle Launcher Grenade Launcher Impact Weapon Hammer Build | -11 -10 -10 ------- Run | Jun Mat Sub Slots Evolved . | . . . Power . | . . . Propulsion . | . . . Utility . | . . . Weapon . | . . . Parts Attached 12 | . 6 6 Power 2 | . 1 1 Engine 1 | . . 1 Core 1 | . 1 . Reactor . | . . . Propulsion 4 | . 2 2 Treads 4 | . 2 2 Leg . | . . . Wheel . | . . . Hover . | . . . Flight . | . . . Utility 3 | . 2 1 Device 1 | . . 1 Storage 2 | . 2 . Processor . | . . . Hackware . | . . . Protection . | . . . Artifact . | . . . Weapon 3 | . 1 2 Energy Gun . | . . . Energy Cannon . | . . . Ballistic Gun 1 | . 1 . Ballistic Cannon . | . . . Launcher 1 | . . 1 Special Weapon . | . . . Impact Weapon 1 | . . 1 Slashing Weapon . | . . . Piercing Weapon . | . . . Special Melee Weapon . | . . . Unidentified Prototypes . | . . . Parts Lost 5 | . 1 4 Power 2 | . 1 1 Propulsion 2 | . . 2 Utility . | . . . Weapon 1 | . . 1 Highest Loss Streak 3 | . 1 3 To Critical Strikes . | . . . Average Slot Usage (%) 88 | . 88 87 Engine 5 | . 4 7 Core 5 | . 5 5 Treads 27 | . 27 27 Device 3 | . . 7 Storage 18 | . 21 14 Energy Gun 10 | . 17 1 Ballistic Gun 12 | . 10 14 Impact Weapon 3 | . . 8 Naked Turns . | . . . Heaviest Build 29 | 11 27 29 Greatest Support 46 | 20 46 46 Greatest Overweight (x) 1 | . 1 1 Average Overweight (x) . | . . . Largest Inventory Capacity 15 | . 15 15 Average Capacity 12 | . 10 15 Most Carried 13 | . 10 13 Average Carried 9 | . 8 11 Final Capacity 15 | 8 15 15 Final Carried 13 | 6 10 13 Class Distribution -------------------- 100% | Mutant Dominant Class ---------------- Mutant | -10/Materials Mutant | -10/Subcaves Resources | -11 -10 -10 ----------- Run | Jun Mat Sub Matter Collected 446 | 200 159 87 Remotely . | . . . Salvage Created 437 | . 340 97 Parts 28 | . 19 9 Haulers Intercepted 1 | . 1 . Recyclers Shooed 2 | . 2 . Parts Field Recycled . | . . . Retrieved Matter . | . . . Parts Self-Destructed 6 | . . 6 Prevented . | . . . Kills | -11 -10 -10 ------- Run | Jun Mat Sub Combat Hostiles Destroyed 10 | . 6 4 Melee 1 | . . 1 Guns 9 | . 6 3 Classes Destroyed 5 | . 3 2 Hauler 1 | . 1 . Watcher 1 | . 1 . Swarmer 3 | . . 3 Grunt 6 | . 6 . Subdweller 1 | . . 1 Best Kill Streak 3 | . 2 3 Combat Bots Only 3 | . 2 3 Max Kills in Single Turn 1 | . 1 1 Gunslinging . | . . . Exploded . | . . . Melee 1 | . . 1 Uniques/NPCs Destroyed . | . . . Combat | -11 -10 -10 -------- Run | Jun Mat Sub Damage Taken 967 | . 495 472 Core 275 | . 97 178 Absorbed by Shields . | . . . Core Remaining (%) 100 | 100 . . Volleys Fired 61 | . 41 20 Largest 2 | . 2 2 Hottest 60 | . 60 60 Shots Fired 102 | . 80 22 Gun 102 | . 80 22 Cannon . | . . . Launcher . | . . . Special . | . . . Kinetic 62 | . 41 21 Thermal 40 | . 39 1 Explosive . | . . . Electromagnetic . | . . . Robot Hit Streak 7 | . 7 7 Robot Miss Streak 2 | . 2 1 Penetration Max . | . . . Secondary Targets . | . . . Shots Hit Robots 70 | . 52 18 Core Hits 28 | . 22 6 Critical Kills . | . . . Critical Parts Destroyed . | . . . Critical Strikes . | . . . Melee Attacks 3 | . . 3 Impact 3 | . . 3 Slashing . | . . . Piercing . | . . . Sneak Attacks . | . . . Combat Hostiles . | . . . Follow-up Attacks . | . . . Damage Inflicted 711 | . 556 155 Guns 646 | . 538 108 Cannons . | . . . Explosions . | . . . Melee 47 | . . 47 Ramming 18 | . 18 . Kinetic 292 | . 194 98 Thermal 354 | . 344 10 Explosive . | . . . Electromagnetic . | . . . Impact 47 | . . 47 Slashing . | . . . Piercing . | . . . Highest Corruption 2 | . 2 2 Average Corruption 2 | . 2 2 Corruption Purged . | . . . Corruption Blocked . | . . . Effects 12 | . 3 9 Message Errors 3 | . 1 2 Matter Fused 2 | . 1 1 Heat Flow Errors 3 | . . 3 Parts Rejected 1 | . . 1 Data Loss (minor) 1 | . 1 . Data Loss (major) 1 | . . 1 Misfires 1 | . . 1 Overload Shots . | . . . Overflow Damage . | . . . Projectiles . | . . . Explosions . | . . . Melee . | . . . Knockbacks . | . . . Impact . | . . . Kinetic . | . . . Secondary . | . . . Self-Inflicted Damage . | . . . Shots . | . . . Rammed 8 | . 8 . Targets Rammed 8 | . 8 . Kicked . | . . . Crushed . | . . . Highest Temperature 132 | . 72 132 Average Temperature 27 | . 23 70 Received Heat Transfer 333 | . 273 60 Siege Activations . | . . . Robots Corrupted . | . . . Combat Hostiles . | . . . Parts Fried . | . . . Impact Corruptions . | . . . Robots Melted . | . . . Combat Hostiles . | . . . Parts Melted 1 | . 1 . Heat Transferred 800 | . 775 25 Parts Sabotaged . | . . . Parts Stolen . | . . . Parts Stripped . | . . . Power Chain Reactions . | . . . Missiles Intercepted . | . . . Alert | -11 -10 -10 ------- Run | Jun Mat Sub Peak Influence 117 | . 117 . Initial . | . . . Average 55 | . 55 . Maximum Alert Level . | . . . Low Security (%) 100 | . 100 . Level 1 . | . . . Level 2 . | . . . Level 3 . | . . . Level 4 . | . . . Level 5 . | . . . High Security . | . . . Max Security . | . . . Squads Dispatched . | . . . Investigation . | . . . Extermination . | . . . Reinforcement . | . . . Assault . | . . . Garrison . | . . . Intercept . | . . . Searches Triggered . | . . . Construction Impeded . | . . . Haulers Reinforced . | . . . Active Scanning Responses . | . . . Cargo Convoy Interrupts . | . . . Stealth | -11 -10 -10 --------- Run | Jun Mat Sub Distress Signals 2 | . 2 . Communications Jammed . | . . . Distress Signals . | . . . Times Spotted 18 | . 12 6 Peak Tracking Total 5 | . 5 3 Tactical Retreats . | . . . Traps | -11 -10 -10 ------- Run | Jun Mat Sub Traps Triggered 2 | . 2 . Indirectly . | . . . Trap Hack Attempts . | . . . Triggered . | . . . Disarmed . | . . . Reprogrammed . | . . . Reused . | . . . Traps Extracted . | . . . Installed . | . . . Triggered . | . . . Machines | -11 -10 -10 ---------- Run | Jun Mat Sub Machines Disabled . | . . . Max in Single Turn . | . . . Machines Repaired . | . . . Machines Sabotaged . | . . . Overloaded Fab Kills . | . . . Hacking | -11 -10 -10 --------- Run | Jun Mat Sub Machines Accessed 3 | . 2 1 Terminals 2 | . 2 . Fabricators . | . . . Repair Stations . | . . . Recycling Units . | . . . Scanalyzers . | . . . Garrison Access . | . . . Total Hacks 6 | . 3 3 Successful 4 | . 1 3 Failed 2 | . 2 . Catastrophic 1 | . 1 . Database Lockouts . | . . . Manual 3 | . 3 . Terminals 3 | . 3 . Fabricators . | . . . Repair Stations . | . . . Recycling Units . | . . . Scanalyzers . | . . . Garrison Access . | . . . Terminal Hacks 4 | . 1 3 Record 3 | . . 3 Zone Layout 1 | . 1 . Fabricator Hacks . | . . . Repair Station Hacks . | . . . Recycling Unit Hacks . | . . . Scanalyzer . | . . . Garrison Access Hacks . | . . . Unauthorized Hacks . | . . . Terminals . | . . . Fabricators . | . . . Repair Stations . | . . . Recycling Units . | . . . Scanalyzers . | . . . Garrison Access . | . . . Data Cores Recovered . | . . . Used . | . . . Hacking Detections 2 | . 2 . Full Trace Events . | . . . Feedback Events . | . . . Feedback Blocked . | . . . Robot Schematics Acquired . | . . . Robots Built . | . . . Authchips . | . . . Time . | . . . Total Robot Build Rating . | . . . Part Schematics Acquired . | . . . Parts Built . | . . . Authchips . | . . . Time . | . . . Total Part Build Rating . | . . . Parts Repaired . | . . . Time . | . . . Parts Recycled . | . . . Recycled Matter . | . . . Retrieved Matter . | . . . Retrieved Components . | . . . Parts Scanalyzed . | . . . Part Schematics Acquired . | . . . Parts Damaged . | . . . Bothacking | -11 -10 -10 ------------ Run | Jun Mat Sub Used RIF Installer . | . . . Robots Hacked . | . . . Non-combat . | . . . Combat . | . . . Robot Hacks Applied . | . . . Relay Couplers Released . | . . . Fabnet Peak Effective % . | . . . Robots Rewired . | . . . Allies Hacked . | . . . Hacks Repelled . | . . . Allies | -11 -10 -10 -------- Run | Jun Mat Sub Total Allies . | . . . Largest Group . | . . . Highest-Rated Group . | . . . Highest-Rated Ally . | . . . Total Orders . | . . . Ally Attacks . | . . . Total Damage . | . . . Kills . | . . . Allies Corrupted . | . . . Allies Melted . | . . . Intel | -11 -10 -10 ------- Run | Jun Mat Sub Robot Analysis Total . | . . . Derelict Logs Recovered 2 | . . 2 Drone Launches . | . . . Drone Recoveries . | . . . Exploration | -11 -10 -10 ------------- Run | Jun Mat Sub Turns Passed 1336 | . 792 544 Spaces Moved 663 | 1 359 303 Core . | . . . Treads 657 | . 354 303 Legs 6 | 1 5 . Wheels . | . . . Hover . | . . . Flight . | . . . Fastest Speed 120 | 120 120 160 Average Speed 159 | 120 159 160 Slowest Speed 240 | 120 190 240 Overloaded Moves . | . . . Propulsion Burnouts . | . . . Robots Hopped . | . . . Cave-ins Triggered . | . . . Exploration Rate (%) 30 | 2 73 17 Regions Visited 2 Branch Regions 1 Pre-discovered Areas 2 | . . 2 Known Exits Taken . | . . . Unknown Exits Taken 2 | 1 1 . Scrap Searched 3 | . . 3 Spaces Dug . | . . . Terrain Destroyed . | . . . Melee . | . . . Projectile . | . . . AOE . | . . . Terrain Rammed . | . . . Walls Destroyed . | . . . Machines Disabled . | . . . Actions | -11 -10 -10 --------- Run | Jun Mat Sub Total 843 | . 505 338 Wait 74 | . 74 . Move 661 | . 358 303 Hop . | . . . Pick Up 15 | . 9 6 Fast Attach 6 | . 4 2 Attach 3 | . . 3 Detach . | . . . Swap 3 | . 2 1 Drop 9 | . 9 . Fire 61 | . 41 20 Melee 3 | . . 3 Ram . | . . . Kick . | . . . Crush 8 | . 8 . Escape Stasis . | . . . Rewire . | . . . Trap . | . . . Miscellaneous . | . . . Route ------- -11/Junkyard -10/Materials (discovered 5 exits: [*Mat x2] / [*Min x2] / *Sub) -10/Subcaves (discovered 2 exits: [*Mat x2]) History --------- Turn | Location | Event 1 | -11/Junkyard | Discovered new exit (range 0) 1 | -11/Junkyard | Entered Materials 136 | -10/Materials | Discovered new exit (range 5) 303 | -10/Materials | Build established: Mutant 344 | -10/Materials | Discovered new exit (range 16) 616 | -10/Materials | Discovered new exit (range 15) 693 | -10/Materials | Discovered new exit (range 16) 750 | -10/Materials | Discovered new exit (range 7) 793 | -10/Materials | Entered Subcaves 862 | -10/Subcaves | Core integrity fell below 50% 877 | -10/Subcaves | Discovered new exit (range 14) 888 | -10/Subcaves | Learned location of Zion (-7) 916 | -10/Subcaves | Visited Clippyterm 920 | -10/Subcaves | Learned location of Extension (-5) 932 | -10/Subcaves | Discovered new exit (range 12) 971 | -10/Subcaves | Disturbed a concealed Subdweller 1041 | -10/Subcaves | Lost 3 parts (1p2n) 1334 | -10/Subcaves | Core integrity fell below 20% 1337 | -10/Subcaves | Destroyed by FQ-WPG(R) with Subdweller Beam Cannon Last Messages --------------- 01050_ Searching scrap... 01050_ Found Sub. Machine Gun. 01050_ Found 29 Matter. 01053_ Acquired Sub. Machine Gun. 01060_ Acquired Sub. Monowheel. 01069_ System corrupted: FCS attempts to trigger Lgt. Assault Rifle. 01069_ System corrupted: Lgt. Assault Rifle misfires. 01096_ System corrupted: Heat flow error (+148). 01160_ System corrupted: Matter fused (-10). 01181_ 2Q35E74S<#BR8,0FS2N4 01292_ 07-FTS(u) tweaks Twisted Machinery. 01327_ System corrupted: Sub. Power Source rejected. Map ----- +----------------------------------------------------+ | ?????????????????????????????????????????????????? | | ?????????????????????????????????????????????????? | | ?????????????????????????????????????????????????? | | ?????????????????????????????????????????????????? | | ?????????????????????????????????????????????????? | | ???##????????????????????????????????????????????? | | ???# ##??????????????????????????????????????????? | | ???# ###????????????????????????????????????????? | | ??## ##???????????????????????????????????????? | | ### #???????????????????????????????????????? | | #???????????????????????????????????????? | | #???????????????????????????????????????? | | #???????????????????????????????????????? | | #???????????????????????????????????????? | | ? #???????????????????????????????????????? | | ???# #???????????????????????????????????????? | | ???# #??#####????????????????????????????????? | | ??## #### ##???????????????????????????????? | | ### ## #####??###??????????????????????? | | # ## #### ##?????????????????????? | | # ## % #?????????????????????? | | ### ! "" ## #?????????????????????? | | ##?# """"""### ##??? ?? ????????????? | | #?# ## " #""##?## #?? #?????????????? | | #?#### #####" ###???# ## #???????????????? | | #????# #??# """#?????# @ #????????????????? | | #???? ##?## "#????## """""##????????????????? | | ##??? ##?## "##???## u"""##?????????????????? | | ###?# ???# ""#??## "####??????????????????? | | #?# ???## "" ### RR"##?#??????????????????? | | ####????# "" ""#"## ????????????? | | #???????# " " """" ??????????????? | | # ##??????# ###" " """"###??????????????? | | ?##???????##????##"""" # #"##????????????????? | | ?????????????????##" " ######?#?????????????????? | | ??????????????????#######????????????????????????? | | ?????????????????????????????????????????????????? | | ?????????????????????????????????????????????????? | | ?????????????????????????????????????????????????? | | ?????????????????????????????????????????????????? | | ?????????????????????????????????????????????????? | | ?????????????????????????????????????????????????? | | ?????????????????????????????????????????????????? | | ?????????????????????????????????????????????????? | | ?????????????????????????????????????????????????? | | ?????????????????????????????????????????????????? | | ?????????????????????????????????????????????????? | | ?????????????????????????????????????????????????? | | ?????????????????????????????????????????????????? | | ?????????????????????????????????????????????????? | +----------------------------------------------------+ Best States ------------- Heat Dissipation 25 Coolant Potential 50 Energy Generation 15 Energy Capacity 200 Matter Stores 300 Matter Capacity 300 Sight Range 16 Terrain Scan Density 10 Evasion (%) 40 Recoil Reduction 2 Item Schematics ----------------- None Robot Schematics ------------------ None Fabricated ------------ Nothing Alien Tech Used ----------------- None Achievements -------------- None Challenges ------------ None Game ------ Seed VortexTimingMachine Manual? 0 Play Time 00:12:10 Cumulative 444.5 hours Start 2023.08.04 @ 18:22:28 End 2023.08.04 @ 18:35:29 Sessions 1 Manual Loads 0 Difficulty Rogue Special Mode None Game No. 497 Rogue 497 Adventurer 0 Explorer 0 Win Type - Total 12 Types 8/0/3/1/0/0/0/0/0 Lore% 80 Gallery% 89 Achievement% 80 Wizard Run 0 Options --------- ASCII 0 Keyboard 0 Movement Numpad Keybinds 0 Fullscreen 1 Font 18/Terminus Map View 76x50 Tactical HUD 1 Map Filters NONE Filters NONE Steam 1 RUN: 04557a2c-2beb-45de-8566-9f8e44f52f56